 Dungeon Crawl Stone Soup version 0.27-a0-1291-geefcff550b (webtiles) character file.

Game seed: 10173058025918848518

24 flotson the Sneak (level 2, -4/24 HPs)
             Began as a Demonspawn Delver on June 16, 2021.
             Slain by an ogre (16 damage)
             ... on level 6 of the Dungeon.
             The game lasted 00:00:54 (318 turns).

flotson the Sneak (Demonspawn Delver)                Turns: 318, Time: 00:00:55

Health: -4/24      AC: 10    Str: 12    XL:     2   Next: 79%
Magic:  2/2        EV: 12    Int: 11    God:
Gold:   53         SH:  0    Dex: 14    Spells: 1/1 levels left

rFire    . . .     SeeInvis .   i - +2 mace (protect)
rCold    . . .     Faith    .   (no shield)
rNeg     . . .     Spirit   .   b - +0 leather armour
rPois    .         Reflect  .   (no helmet)
rElec    .         Harm     .   (no cloak)
rCorr    .         Rampage  .   (no gloves)
Will     .....                  (no boots)
Stlth    ++........             (no amulet)
HPRegen  0.08/turn              (no ring)
MPRegen  0.08/turn              (no ring)

@: under a protective aura, hasted, very quick
A: hooves 1
a: no special abilities


You were on level 6 of the Dungeon.
You visited 1 branch of the dungeon, and saw 3 of its levels.

You collected 53 gold pieces.

Inventory:

Hand Weapons
 a - a +0 hand axe
 i - a +2 mace of protection (weapon)
Armour
 b - a +0 leather armour (worn)
Wands
 g - a wand of digging (7)
Scrolls
 c - a scroll of fog
 d - a scroll of magic mapping
 e - a scroll of fear
Potions
 h - a potion of flight {unknown}


   Skills:
 + Level 3.3 Fighting
 + Level 2.1 Axes
 + Level 0.9 Armour
 + Level 2.1 Dodging
 - Level 4.5 Stealth


You had one spell level left.
You didn't know any spells.
Your spell library was empty.

Dungeon Overview and Level Annotations

Branches:
Dungeon (5/15)
 Temple: D:4-7

Altars:
The Shining One


Innate Abilities, Weirdness & Mutations

You have large cloven feet.


Message History

You kill the orc!
Your leather armour prevents you from hitting the orc.
Your kick misses the orc. The orc hits you but does no damage.
An ogre comes into view. It is wielding a +0 giant club.
The orc closely misses you.
You closely miss the orc.
The orc shouts!
The ogre shouts!
You kick the orc.
The orc is heavily wounded.
The orc barely misses you.
You sock the orc!
Your weapon exudes an aura of protection.
You kill the orc!
You hit the orc but do no damage. Your kick misses the orc.
The orc closely misses you.
You hit the orc. You kick the orc.
The orc is almost dead.
The orc hits you with a +0 flail!
You barely miss the orc. You kick the orc, but do no damage.
The orc is almost dead.
The orc closely misses you. The orc hits you with a +0 flail.
Okay, then.
You feel yourself speed up. The orc barely misses you.
You barely miss the orc.
The orc is almost dead.
You hit the orc but do no damage. You kick the orc, but do no damage.
The orc is almost dead.
The orc misses you.
You hit the orc.
You kill the orc!
You closely miss the ogre. You kick the ogre.
The ogre is lightly wounded.
You sock the ogre! You kick the ogre.
The ogre is heavily wounded.
The ogre misses you.
You barely miss the ogre. Your kick misses the ogre.
The ogre is heavily wounded.
The ogre hits you with a +0 giant club!
Ouch! That really hurt!
You die...

#..# #..# #..#
#..# #..#
#######+#..###
.............#
...........#O#
...........#@#
....o......#.#
...........#.#
...........+.#
...........###
...........#


You could see an ogre.

Vanquished Creatures
  An adder (D:4)
  An ufetubus (D:5)
  4 orcs (D:6)
  A hobgoblin (D:4)
7 creatures vanquished.

Notes
Turn   | Place    | Note
-------+----------+-------------------------------------------
     0 | D:5      | flotson the Demonspawn Delver began the quest for the Orb.
     0 | D:5      | Reached XP level 1. HP: 18/18 MP: 1/1
    86 | D:5      | Noticed an angel
   267 | D:4      | Gained mutation: You have large cloven feet. [demonic
                  | ancestry]
   267 | D:4      | Reached XP level 2. HP: 24/24 MP: 2/2
   285 | D:4      | You fall into a shaft and drop 2 floors!
   306 | D:6      | Noticed an ogre
   318 | D:6      | Slain by an ogre

Illustrated notes

Levels and vault maps discovered:
D:4:      layout_basic, minivault_24, nrook_campfire
D:5:      layout_loops_ring, grunt_temple_overflow_holy_war,
          kennysheep_mini_moat
D:6:      layout_basic, kennysheep_little_box, led_sif_pool, uniq_menkaure

Skill      XL: |  1 |
---------------+----+-----
Axes           | 2 |  2.1
Dodging        | 2 |  2.1
Fighting       | |  3.3
Armour         | |  0.9
Stealth        | |  4.5

Action                   || total
-------------------------++-------
Melee: Mace              ||    32
       Kick              ||     8
  Use: Potion            ||     1
Armor: Leather armour    ||    10
Dodge: Dodged            ||    33

Table legend: (Time is in decaauts)
 A = Elapsed time spent in this place.
 B = Non-inter-level travel time spent in this place.
 C = Inter-level travel time spent in this place.
 D = Time resting spent in this place.
 E = Time spent auto-exploring this place.
 F = Levels seen in this place.
 G = Mean time per level.
                   A        B        C        D        E       F      G
               +--------+--------+--------+--------+--------+-----+--------+
         Total |    325 |    325 |      0 |      0 |    210 |   3 |  108.3 |
       Dungeon |    325 |    325 |      0 |      0 |    210 |   3 |  108.3 |
               +--------+--------+--------+--------+--------+-----+--------+

Top non-repeatable levels by time:
     D:5: 262 daAuts
     D:6: 36 daAuts
     D:4: 25 daAuts
